AoeStats
← Enlightened Eye

Arena

508595072Analyzed
3v3 RM · 9d ago on Sep 23, 2026· 34m 53s· 6 players
Game mode
Random Map
Map size
Normal (6 player)
Population
200
Speed
Normal
Resources
Standard
Victory
Conquest
Starting age
Dark Age
Ending age
Imperial Age
RankedLock teamsTeams togetherTeam positionsShared explorationLock speedFull tech treeHidden civsTurbo modeCheats
Victory
Defeat
🇲🇽 Byzantines · Mexico
1054
+13
🇲🇽 Slavs · Mexico
1009
+14
🇲🇽 Varangians · Mexico
992
+15
🇺🇸 Teutons · United States
1024
-16
🇲🇽 Celts · Mexico
970
-14
🇦🇺 Saxons · Australia
932
-12
Enlightened Eye
9:51 Feudal Age
11:09 Wheelbarrow
18:55 Castle Age
18:49 Double-Bit Axe
18:48 Horse Collar
27:06 Imperial Age
25:02 Bow Saw
28:24 Fletching
28:35 Padded Archer Armor
28:27 Elite Skirmisher
29:28 Bodkin Arrow
30:48 Leather Archer Armor
33:52 Conscription
34:26 Ring Archer Armor
34:47 Scale Barding Armor
34:53 Forging
Davejua
10:29 Feudal Age
15:33 Castle Age
14:04 Horse Collar
14:28 Double-Bit Axe
20:46 Loom
24:50 Scale Mail Armor
34:03 Imperial Age
32:25 Forging
32:30 Chain Mail Armor
33:03 Heavy Plow
33:18 Bow Saw
34:29 Iron Casting
34:48 Gambesons
34:49 Arson
35:11 Gold Mining
Bornvibe
10:46 Feudal Age
10:58 Feudal Age
12:51 Double-Bit Axe
14:02 Loom
16:36 Castle Age
14:49 Scale Mail Armor
14:36 Horse Collar
16:33 Forging
18:23 Fletching
21:57 Wheelbarrow
22:20 Squires
31:32 Town Watch
PePe_ToÑo
11:08 Feudal Age
12:41 Loom
16:06 Castle Age
20:29 Double-Bit Axe
20:26 Horse Collar
37:03 Imperial Age
DarkenL
10:53 Feudal Age
14:41 Castle Age
12:57 Horse Collar
14:38 Double-Bit Axe
21:24 Heavy Plow
23:14 Wheelbarrow
24:26 Hand Cart
25:49 Bow Saw
29:02 Imperial Age
26:36 Stone Mining
27:14 Loom
27:41 Forging
27:36 Scale Barding Armor
28:44 Stone Shaft Mining
28:19 Gold Mining
31:17 Iron Casting
31:02 Chain Barding Armor
32:02 Two-Man Saw
31:35 Crop Rotation
31:42 Gold Shaft Mining
34:02 Plate Barding Armor
33:50 Elite Cataphract
Spartano187
4:08 Loom
5:57 Loom
11:45 Feudal Age
17:13 Castle Age
16:16 Double-Bit Axe
17:11 Stone Mining
23:36 Bow Saw
31:13 Imperial Age
28:57 Horse Collar
29:49 Gold Mining
30:40 Wheelbarrow
32:47 Fortified Wall
33:13 Hand Cart
33:38 Conscription
33:51 Heavy Plow
34:58 Two-Man Saw
35:17 Ballistics
35:14 Detinets
36:03 Crop Rotation
Connection lost

Rejoining the realm…

Still unreachable

The connection could not be restored.

Session expired

The server has moved on; the page needs a fresh start.